 Dungeon Crawl Stone Soup version 0.27-a0-1232-gc6a4cbde82 (webtiles) character file.

Game seed: 18327177440949047143

1324 bobarctor the Grave Robber (level 8, 0/54 HPs)
             Began as a Demonspawn Necromancer on June 8, 2021.
             Was an Initiate of Okawaru.
             Slain by a gnoll
             ... wielding a +0 halberd
              (12 damage)
             ... on level 6 of the Dungeon.
             The game lasted 00:35:09 (8198 turns).

bobarctor the Grave Robber (Demonspawn Necromancer) Turns: 8198, Time: 00:35:10

Health: 0/54       AC:  3    Str:  9    XL:     8   Next: 33%
Magic:  14/17      EV: 13    Int: 19    God:    Okawaru [......]
Gold:   192        SH:  0    Dex: 19    Spells: 3/19 levels left

rFire    . . .     SeeInvis .   v - +2 war axe (elec)
rCold    . . .     Faith    .   (no shield)
rNeg     . . .     Spirit   .   a - +1 robe
rPois    +         Reflect  .   (helmet restricted)
rElec    .         Harm     .   (no cloak)
rCorr    .         Rampage  .   (no gloves)
Will     .....                  (no boots)
Stlth    ++........             (no amulet)
HPRegen  0.18/turn              n - +6 ring of dexterity
MPRegen  0.15/turn              l - ring of poison resistance

@: no status effects
A: horns 1, foul stench 1, sturdy frame 2, demonic magic 1
a: Renounce Religion


You were on level 6 of the Dungeon.
You worshipped Okawaru.
Okawaru was noncommittal.
You visited 1 branch of the dungeon, and saw 6 of its levels.

You collected 192 gold pieces.

Inventory:

Hand Weapons
 b - a +3 mace of venom
 c - a +0 mace
 i - a +3 mace
 s - a +2 war axe of flaming
 t - a +2 short sword of freezing
 u - a +0 club
 v - a +2 war axe of electrocution (weapon)
 w - a +3 dagger
Missiles
 d - 24 poisoned darts (quivered)
 e - 59 arrows
 f - 185 stones
 g - 46 bolts
 q - a throwing net
 y - 7 boomerangs
Armour
 a - a +1 robe (worn)
 r - a +0 helmet
Magical Staves
 p - a staff of cold
Jewellery
 l - a ring of poison resistance (right hand)
 n - a +6 ring of dexterity (left hand)
Wands
 B - a wand of flame (15)
Scrolls
 h - a scroll of fog
Potions
 j - 2 potions of heal wounds
 k - 2 potions of lignification
 m - a potion of attraction {unknown}
 o - 2 potions of flight
 x - a potion of degeneration {unknown}
 z - 3 potions of might {unknown}
 A - a potion of curing {unknown}
 C - a potion of mutation {unknown}


   Skills:
 + Level 1.0 Fighting
 + Level 2.2 Dodging
 + Level 2.5 Stealth
 * Level 6.4 Spellcasting
 * Level 2.6 Conjurations
 * Level 2.5 Hexes
 + Level 6.7 Necromancy
 * Level 2.7 Air Magic
 * Level 0.7 Invocations


You had 3 spell levels left.
You knew the following spells:

 Your Spells              Type           Power      Damage    Failure   Level
a - Pain                  Necr           100%       1d9       1%          1
b - Animate Skeleton      Necr           62%        N/A       1%          1
c - Vampiric Draining     Necr           15%        2d8       1%          3
d - Shock                 Conj/Air       64%        1d7       3%          1
e - Dazzling Flash        Conj/Hex       30%        N/A       11%         3
f - Swiftness             Air            16%        N/A       11%         3
g - Airstrike             Air            8%         N/A       34%         4

Your spell library contained the following spells:

 Spells                   Type           Power      Damage    Failure   Level
 Corona                   Hex            16%        N/A       3%          1
 Static Discharge         Conj/Air       16%        N/A       5%          2
 Foxfire                  Conj/Fire      44%        2x1d6     6%          1
 Ensorcelled Hibernation  Hex/Ice        20%        N/A       10%         2
 Apportation              Tloc           12%        N/A       11%         1
 Summon Small Mammal      Summ           24%        N/A       11%         1
 Confusing Touch          Hex            15%        N/A       11%         3
 Tukima's Dance           Hex            15%        N/A       11%         3
 Conjure Flame            Conj/Fire      11%        6-21      19%         3
 Inner Flame              Hex/Fire       10%        N/A       19%         3
 Gell's Gravitas          Tloc           3%         N/A       32%         3
 Animate Dead             Necr           15%        N/A       7%          4
 Agony                    Necr           31%        N/A       19%         5
 Sticky Flame             Conj/Fire      11%        2d3       54%         4
 Lightning Bolt           Conj/Air       8%         1d20      69%         5
 Petrify                  Tmut/Erth      6%         N/A       71%         4
 Fireball                 Conj/Fire      5%         3d5       87%         5
 Metabolic Englaciation   Hex/Ice        5%         N/A       87%         5
 Yara's Violent Unravell  Hex/Tmut       5%         3d4       87%         5


Dungeon Overview and Level Annotations

Branches:
Dungeon (6/15)
 Temple: D:4-7

Altars:
Ashenzari
Cheibriados
Dithmenos
Fedhas
Hepliaklqana
Okawaru
Qazlal
Ru
Vehumet
Wu Jian
Xom
Zin
The Shining One

Shops:
D:2 [

Annotations:
D:2 Sigmund
D:5 3 runed translucent doors, Orlauf's ghost, novice KoHu; indyram44's ghost, novice DsGl


Innate Abilities, Weirdness & Mutations

You have a pair of small horns on your head.
You may rarely emit foul miasma when damaged in melee.
Your movements are less encumbered by armour. (ER -4)
Spells you cast may paralyse adjacent enemies.


Message History

You closely miss the phantom. The phantom hits you.
You emit a cloud of foul miasma!
The gnoll throws a throwing net.
The throwing net hits you.
You become entangled in the net!
You struggle against the net.
The phantom hits you.
You struggle against the net.
The phantom hits you.
You shred the net and break free!
The phantom hits you but does no damage.
Okay, then.
The phantom hits you. The gnoll hits you but does no damage.
The phantom hits you.
The phantom blinks!
You blink.
The gnoll hits you from afar with a +0 halberd!
* * * LOW HITPOINT WARNING * * *
The phantom misses you.
Items here: ))) ? †.
Items here: )) [ ††.
Things that are here:
a +0 whip; a +0 ring mail; a +0 hand axe The gnoll throws a stone.
The stone barely misses you.
You see here a +0 flail.
Items here: ))) ? †.
Items here: )) [ ††.
You see here a +2 helmet.
A gnoll comes into view.
It is wielding a +0 flail and carrying a wand of digging (3).
The gnoll shouts!
The gnoll hits you with a +0 club!
* * * LOW HITPOINT WARNING * * *
Casting: Vampiric Draining (safe; 1% risk of failure)
Confirm with . or Enter, or press ? or * to list all spells.
Aiming: Vampiric Draining (safe; 1% risk of failure)
Press: ? - help, Shift-Dir - straight line, f - gnoll
Aim: a gnoll, wielding a +0 club You draw life force from the gnoll!
You feel life coursing into your body. Malevolent energies surge around you.
The gnoll suddenly stops moving!
The gnoll shouts!
Unknown command.
A gnoll comes into view. It is wielding a +0 whip.
The gnoll moves out of view.
You hear a zap.
You hear a grinding noise.
The gnoll hits you from afar with a +0 halberd!
You die...

#.............###
#................
##.....[..........
#...#g............
###..g..............
#....#..g..#.......#
#....#..g.........#
#....#..W..........
##.......@.....#.#
###..####..#.##..
#.. ###...#.## ...
#.. ###..###..##
.... #.. #....#
#)..##..... #..
##...###..........
###
###..)....#......
#..)###..## #....
##.).##.## :..


You could see a phantom and 4 gnolls.

Vanquished Creatures
  A water moccasin (D:4)
  An ice beast (D:5)
  A black bear (D:5)
  2 ogres
  A phantom (D:5)
  3 scorpions
  An orc priest (D:4)
  2 jellies (D:5)
  2 bullfrog skeletons
  Jessica (D:2)
  A scorpion zombie (D:5)
  An iguana (D:4)
  5 orc wizards
  11 gnolls
  3 adders
  An adder skeleton (D:4)
  A worm (D:3)
  2 dart slugs (D:1)
  25 orcs
  3 ball pythons
  5 bats
  12 endoplasms
  2 giant cockroaches (D:4)
  9 goblins
  7 hobgoblins
  7 jackals (D:2)
  A quokka (D:1)
  3 frilled lizards
  4 kobolds
  6 rats
124 creatures vanquished.

Vanquished Creatures (others)
  6 withered plants (D:5)
6 creatures vanquished.

Grand Total: 130 creatures vanquished

Notes
Turn   | Place    | Note
-------+----------+-------------------------------------------
     0 | D:1      | bobarctor the Demonspawn Necromancer began the quest for
                  | the Orb.
     0 | D:1      | Reached XP level 1. HP: 13/13 MP: 3/3
     0 | D:1      | Noticed a large abomination
     0 | D:1      | Noticed an ice dragon
     1 | D:1      | Noticed a large abomination
     4 | D:1      | Noticed a shadow dragon
     7 | D:1      | Noticed a tentacled monstrosity
     8 | D:1      | Noticed a tentacled monstrosity
     9 | D:1      | Noticed a large abomination
    12 | D:1      | Noticed an iron dragon
    12 | D:1      | Noticed a green draconian
    14 | D:1      | Noticed an orb of fire
    16 | D:1      | Noticed a large abomination
    16 | D:1      | Noticed a shadow dragon
    16 | D:1      | Noticed a large abomination
    18 | D:1      | Noticed an orb of fire
    18 | D:1      | Noticed a tentacled monstrosity
    20 | D:1      | Noticed a red draconian
    20 | D:1      | Noticed a tentacled monstrosity
   367 | D:1      | Gained mutation: Your movements are slightly less
                  | encumbered by armour. (ER -2) [demonic ancestry]
   367 | D:1      | Reached XP level 2. HP: 18/19 MP: 3/5
   842 | D:1      | Found a faded altar of an unknown god.
  1045 | D:1      | Reached skill level 5 in Necromancy
  1074 | D:1      | Learned a level 1 spell: Animate Skeleton
  1295 | D:2      | Reached XP level 3. HP: 24/24 MP: 6/6
  1300 | D:2      | Learned a level 3 spell: Vampiric Draining
  1434 | D:2      | Found Mudever's Antique Armour Emporium.
  1462 | D:2      | Learned a level 1 spell: Shock
  1859 | D:2      | Noticed Sigmund
  2130 | D:2      | Noticed Jessica
  2141 | D:2      | Killed Jessica
  2142 | D:2      | Reached XP level 4. HP: 29/30 MP: 3/8
  2873 | D:3      | Learned a level 3 spell: Dazzling Flash
  3296 | D:3      | Gained mutation: Your movements are less encumbered by
                  | armour. (ER -4) [demonic ancestry]
  3296 | D:3      | Reached XP level 5. HP: 36/36 MP: 0/10
  4041 | D:3      | Found a sacrificial altar of Ru.
  4435 | D:4      | Noticed an ogre
  4443 | D:4      | Killed an ogre
  4444 | D:4      | Reached skill level 1 in Conjurations
  4444 | D:4      | Reached skill level 1 in Air Magic
  4444 | D:4      | Gained mutation: You have a pair of small horns on your
                  | head. [demonic ancestry]
  4444 | D:4      | Reached XP level 6. HP: 33/42 MP: 2/12
  4545 | D:3      | Learned a level 3 spell: Swiftness
  4907 | D:4      | Reached skill level 1 in Hexes
  5080 | D:4      | Noticed a water moccasin
  5091 | D:4      | Killed a water moccasin
  5092 | D:4      | Gained mutation: You may rarely emit foul miasma when
                  | damaged in melee. [demonic ancestry]
  5092 | D:4      | Reached XP level 7. HP: 39/47 MP: 0/14
  5428 | D:4      | Reached skill level 5 in Spellcasting
  5942 | D:4      | Found a radiant altar of Vehumet.
  6309 | D:5      | Entered Level 5 of the Dungeon
  6709 | D:5      | Reached skill level 1 in Fighting
  6940 | D:5      | Found an ornate altar of the Wu Jian Council.
  6941 | D:5      | Found a hazy altar of Hepliaklqana.
  6943 | D:5      | Found a snail-covered altar of Cheibriados.
  6954 | D:5      | Gained mutation: Spells you cast may paralyse adjacent
                  | enemies. [demonic ancestry]
  6954 | D:5      | Reached XP level 8. HP: 46/54 MP: 13/16
  7034 | D:5      | Found a broken altar of Ashenzari.
  7034 | D:5      | Found a stormy altar of Qazlal.
  7034 | D:5      | Found a blossoming altar of Fedhas.
  7034 | D:5      | Found a shimmering altar of Xom.
  7036 | D:5      | Found a shadowy altar of Dithmenos.
  7038 | D:5      | Found an iron altar of Okawaru.
  7044 | D:5      | Became a worshipper of Warmaster Okawaru
  7050 | D:5      | Learned a level 4 spell: Airstrike
  7297 | D:5      | Found a runed translucent gate.
  7297 | D:5      | Found a runed translucent gate.
  7297 | D:5      | Found a runed translucent gate.
  7301 | D:5      | Noticed indyram44's ghost (novice DsGl)
  7301 | D:5      | Noticed Orlauf's ghost (novice KoHu)
  8198 | D:6      | Slain by a gnoll

Illustrated notes

Levels and vault maps discovered:
D:1:      shiori_arrival_whats_in_store_for_you, layout_loops_ring,
          chequers_ecumenical_altar_simple_redux
D:2:      layout_loops_ring, serial_shops, shop, uniq_jessica, uniq_sigmund
D:3:      layout_loops_ring, nicolae_ru_sacrificial_ziggurat
D:4:      layout_loops_corners, kennysheep_little_box
D:5:      layout_basic, minitemple, gammafunk_ghost_cemetery
D:6:      layout_cave_pools, minmay_temple_entry_nine_rooms, serial_shops,
          nicolae_shop_trees, minmay_bent

Skill      XL: |  1  2  3  4  5  6  7  8 |
---------------+-------------------------+-----
Necromancy     | 5 6 |  6.7
Spellcasting   | 3 4 5 6 |  6.4
Stealth        | 2 |  2.5
Conjurations   | 1 2 |  2.6
Air Magic      | 1 2 |  2.7
Hexes          | 1 2 |  2.5
Dodging        | 2 |  2.2
Fighting       | 1 |  1.0
Invocations    | |  0.7

Action                   |  1- 3 |  4- 6 |  7- 9 || total
-------------------------+-------+-------+-------++-------
Melee: Mace              |    22 |    15 |    41 ||    78
       Short sword       |       |     9 |     2 ||    11
       War axe           |       |     6 |     2 ||     8
       Headbutt          |       |     1 |    13 ||    14
Throw: Dart              |       |       |     1 ||     1
 Cast: Pain              |    57 |    46 |    67 ||   170
       Vampiric Draining |     4 |    32 |    23 ||    59
       Animate Skeleton  |       |     2 |       ||     2
       Shock             |       |     1 |    10 ||    11
  Use: Scroll            |       |     5 |     5 ||    10
 Stab: Sleeping          |     1 |     1 |       ||     2
       Paralysed         |       |       |     2 ||     2
Armor: Robe              |     3 |    12 |    19 ||    34
Dodge: Dodged            |    19 |    37 |    40 ||    96

Table legend: (Time is in decaauts)
 A = Elapsed time spent in this place.
 B = Non-inter-level travel time spent in this place.
 C = Inter-level travel time spent in this place.
 D = Time resting spent in this place.
 E = Time spent auto-exploring this place.
 F = Levels seen in this place.
 G = Mean time per level.
                   A        B        C        D        E       F      G
               +--------+--------+--------+--------+--------+-----+--------+
         Total |   8238 |   8014 |    224 |   3251 |   3455 |   6 | 1373.0 |
       Dungeon |   8238 |   8014 |    224 |   3251 |   3455 |   6 | 1373.0 |
               +--------+--------+--------+--------+--------+-----+--------+

Top non-repeatable levels by time:
     D:1: 1760 daAuts
     D:5: 1628 daAuts
     D:4: 1609 daAuts
     D:3: 1570 daAuts
     D:2: 1394 daAuts
     D:6: 275 daAuts
